 Dungeon Crawl Stone Soup version 0.17.1-3-g152610e (webtiles) character file.

134321 faceroll the Devastator (level 16, -3/106 HPs)
             Began as a Demonspawn Wanderer on Apr 2, 2016.
             Was the Champion of Vehumet.
             Slain by a thrashing horror (8 damage)
             ... on level 1 of the Abyss.
             The game lasted 02:41:09 (32383 turns).

faceroll the Devastator (Demonspawn Wanderer)      Turns: 32383, Time: 02:41:10

Health: -3/106     AC: 10    Str: 12    XL:     16   Next: 61%
Magic:  0/33       EV: 16    Int: 26    God:    Vehumet [******]
Gold:   3137       SH:  0    Dex: 15    Spells: 7 memorised, 5 levels left

rFire  + . .     SeeInvis +     R - staff of conjuration
rCold  + . .     Clarity  .     e - +1 robe of the Guilds {Int+3} (curse)
rNeg   . . .     SustAt   .     (no shield)
rPois  .         Gourm    .     (helmet unavailable)
rElec  .         Spirit   +     o - +1 cloak
rCorr  .         Warding  .     C - +0 pair of gloves {rC+}
rMut   .         Stasis   .     D - +0 pair of boots
MR     +....                    (no amulet)
Stlth  ++........               l - ring of protection from fire
                                Z - ring of the Philosopher {AC+3 Int+6}

@: about to teleport, delayed fireball, repel missiles, somewhat resistant to
hostile enchantments, unstealthy
A: horns 3, repulsion field 3, see invisible, dopey 1, powered by pain 1, magic
shield, magic regeneration, magic link
a: Renounce Religion, Release Delayed Fireball


You were on level 1 of the Abyss.
You worshipped Vehumet.
Vehumet was exalted by your worship.
You were full.

You visited 4 branches of the dungeon, and saw 26 of its levels.
You visited the Abyss 1 time.
You also visited: Labyrinth, Sewer, Ossuary, Bailey and Ice Cave.

You collected 3927 gold pieces.
You spent 790 gold pieces at shops.

Inventory:

Hand Weapons
 N - a +2 whip of electrocution
Armour
 e - the cursed +1 robe of the Guilds (worn) {Int+3}
   (You found it on level 7 of the Lair of Beasts)

   It affects your intelligence (+3).
   It has a curse placed upon it.
 f - a +2 robe of cold resistance
 o - a +1 cloak (worn)
 C - a +0 pair of gloves of cold resistance (worn)
 D - a +0 pair of boots (worn)
 H - a +0 buckler of cold resistance
Magical Staves
 P - an uncursed staff of fire
 R - an uncursed staff of conjuration (weapon)
Jewellery
 c - an uncursed ring of stealth
 l - a ring of protection from fire (right hand)
 Z - the ring of the Philosopher (left hand) {AC+3 Int+6}
   (You found it in an ice cave)

   [ring of protection]

   It affects your AC (+3).
   It affects your intelligence (+6).
Wands
 d - a wand of disintegration (15)
 k - a wand of heal wounds (3)
 p - a wand of disintegration (15)
 t - a wand of polymorph (11)
 I - a wand of confusion (25)
 M - a wand of teleportation (3)
 O - a wand of fire (4)
 X - a wand of cold (0)
 Y - a wand of teleportation (3)
Scrolls
 h - 4 scrolls of teleportation
 i - 16 scrolls of identify
 j - 10 scrolls of remove curse
 q - 2 scrolls of amnesia
 y - 6 scrolls of enchant armour
 E - 3 scrolls of enchant weapon
 G - 4 scrolls of fear
 S - 2 scrolls of recharging
 U - 2 scrolls of magic mapping
Potions
 a - a potion of berserk rage
 g - 3 potions of magic
 w - 3 potions of haste
 z - 2 potions of resistance
 A - 3 potions of might
 J - 6 potions of flight
 L - 4 potions of curing
 Q - 3 potions of brilliance
 V - a potion of invisibility
Books
 s - Amuaxkudy's Handbook of Harmful Snow
   (You found it in an ice cave)

   Spells                             Type                      Level
   a - Freeze                         Ice                          1
   b - Throw Frost                    Conjuration/Ice              2
   c - Ensorcelled Hibernation        Hexes/Ice                    2
   d - Ice Form                       Ice/Transmutation            4
   e - Bolt of Cold                   Conjuration/Ice              6
   f - Freezing Cloud                 Conjuration/Ice/Air          6
 u - a book of Envenomations

   Spells                             Type                      Level
   a - Spider Form                    Transmutation/Poison         3
   b - Alistair's Intoxication        Transmutation/Poison         4
   c - Olgreb's Toxic Radiance        Poison                       4
   d - Poisonous Cloud                Conjuration/Poison/Air       6
 v - a book of Air

   Spells                             Type                      Level
   a - Shock                          Conjuration/Air              1
   b - Swiftness                      Charms/Air                   2
   c - Repel Missiles                 Charms/Air                   2
   d - Static Discharge               Conjuration/Air              3
   e - Lightning Bolt                 Conjuration/Air              5
Miscellaneous
 T - 2 phantom mirrors
Comestibles
 m - 13 meat rations
 n - 4 beef jerkies
 r - 35 fruits
 F - 9 slices of pizza


   Skills:
 - Level 4.2 Fighting
   Level 1.0 Short Blades
   Level 1.7 Polearms
 - Level 1.7 Dodging
 - Level 1.0 Stealth
 + Level 13.4 Spellcasting
 * Level 19.1 Conjurations
 + Level 14.1 Fire Magic
 - Level 4.0 Ice Magic
 - Level 4.0 Air Magic
 - Level 1.0 Evocations


You had 5 spell levels left.
You knew the following spells:

 Your Spells              Type           Power        Failure   Level  Hunger
a - Flame Tongue          Conj/Fire      #####        0%          1    None
b - Throw Icicle          Conj/Ice       #######.     1%          4    None
c - Sublimation of Blood  Necr           ###.......   6%          2    None
d - Spellforged Servitor  Conj/Summ      #######...   24%         7    ######.
e - Delayed Fireball      Conj/Fire      N/A          1%          7    ######.
f - Freezing Cloud        Conj/Ice/Air   #######...   4%          6    #####..
g - Fire Storm            Conj/Fire      ########..   85%         9    #######


Dungeon Overview and Level Annotations

Branches:
Dungeon (11/15)            Temple (0/1) D:7            Lair (8/8) D:10
  Swamp (0/4) Lair:4       Spider (0/4) Lair:3        Slime (0/6) Lair:7
    Orc (4/4) D:11            Elf (3/3) Orc:3

Altars:
Dithmenos
Gozag
Makhleb
Qazlal
Ru
Sif Muna
Trog
Vehumet
Yredelemnul
Beogh
Jiyva

Shops:
D:4 *%   D:5 (   D:7 (   D:10 [   D:11 *   Orc:4 }(*[   Elf:1 :   Elf:2 !

Annotations:
D:5 Duvessa
D:9 exclusion: orange crystal statue
Elf:2 3 runed doors
Elf:3 Roxanne


Innate Abilities, Weirdness & Mutations

You have a pair of large horns on your head.
You are surrounded by a strong repulsion field (EV +4, rMsl).
You sometimes gain a little power by taking damage.
When hurt, damage is shared between your health and your magic reserves.
You regenerate magic rapidly.
When low on magic, you restore magic in place of health.
You have supernaturally acute eyesight.
You are dopey. (Int -2)


Message History

A chorus of shrieks assaults your mind.
* * * LOW HITPOINT WARNING * * *
A starcursed mass splits.
Casting: Throw Icicle
Confirm with . or Enter, or press ? or * to list all spells.
Aiming: Freezing Cloud
Press: ? - help, Dir - move target cursor, p - thrashing horror You feel a surge of power!
That beam is likely to hit you.
Continue anyway?
The thrashing horror is engulfed in freezing vapours.
The thrashing horror churns violently!
The thrashing horror seems to grow stronger.
The raiju is engulfed in freezing vapours.
The raiju bursts into living lightning!
The living lightning hits you!
* * * LOW HITPOINT WARNING * * *
The living lightning is repelled.
The raiju blinks!
The thrashing horror is engulfed in freezing vapours.
The thrashing horror tramples you!
You die...

. . . #..... ..
.... . ... #...
..#.... . # ...
..........
#.#.... ...§
...## ...... .
.§§§..### #....#
§[..##.# #......
#.#..#..##.......
#..#..#@.§.....
#....XX§§......
##
##...X§§#...... #
###.#.#XZ##.....#
# #..§. #.##
.h... ## .#.###§#
..... #. #.##..#
.... ###.###...#
.... # ##Z..##


You could see 3 starcursed masses, a thrashing horror, a raiju and a quicksilver
dragon zombie.

Vanquished Creatures
  The ghost of Peloso the Fencer, an adept MiFi of Okawaru (Elf:3)
  Donald (Elf:3)
  3 deep elf sorcerers
  Aizul (Elf:1)
  The ghost of sohrab the Cleaver, a journeyman MiFi of Okawaru (Elf:2)
  6 deep elf demonologists
  4 deep elf annihilators
  A deep elf death mage (Elf:3)
  An ettin (Orc:4)
  A minotaur (Lab)
  A fire dragon (Lair:8)
  A deep elf high priest (Elf:3)
  Josephine (Orc:2)
  A great orb of eyes (Abyss:1)
  12 hydras
  A centaur warrior (D:11)
  4 ogre magi (Orc:4)
  3 dancing weapons (Elf:2)
  5 death yaks
  2 small abominations
  A hell knight (Abyss:1)
  Sonja (Orc:2)
  12 deep elf knights
  15 deep elf summoners
  2 orc knights (Bailey)
  Pikel (D:7)
  A necromancer (IceCv)
  12 deep elf conjurers
  An orb spider (Lair:3)
  2 griffons (Lair:8)
  3 orc sorcerers
  2 ugly things
  6 black mambas
  6 elephants
  A centaur zombie (D:11)
  An ice statue (IceCv)
  14 spiny frogs
  A torpor snail (Lair:8)
  3 kobold demonologists (D:11)
  3 smoke demons (Abyss:1)
  9 deep elf priests
  3 spriggan druids (Lair:7)
  10 freezing wraiths (IceCv)
  A hellwing (Abyss:1)
  5 fire drakes
  6 komodo dragons
  14 two-headed ogres
  2 trolls
  2 polar bears (D:8)
  Prince Ribbit (D:6)
  10 blink frogs
  5 raiju (Abyss:1)
  A boulder beetle (Lair:8)
  12 spriggans (Lair:7)
  4 wraiths
  Sigmund (D:3)
  A wyvern (Lair:1)
  A ynoxinul (Abyss:1)
  2 steam dragons
  20 deep elf magi
  81 yaks
  3 basilisks
  14 deep elf fighters
  13 water moccasins
  2 wolves (D:8)
  Menkaure (D:6)
  11 hippogriffs
  3 large abominations (Abyss:1)
  2 death yak simulacra (IceCv)
  A soldier ant (D:11)
  6 swamp worms (Lair:4)
  Edmund (D:6)
  A warg (Orc:4)
  2 mottled dragons (Lair:8)
  13 porcupines
  2 swamp drakes (Lair:8)
  8 necrophages
  17 orc warriors
  9 ice beasts
  5 phantoms
  29 ogres
  4 sky beasts
  4 wasps
  5 centaurs
  23 crocodiles
  16 giant frogs
  A brain worm (Abyss:1)
  An elf zombie (Ossuary)
  5 big kobolds
  Dowan (D:6)
  2 scorpions
  2 draconian simulacra (IceCv)
  13 wights
  3 crimson imps
  5 electric eels
  3 jellies
  2 human zombies (Ossuary)
  Crazy Yiuf (D:3)
  11 orc priests
  Ijyb (D:2)
  A hound (D:6)
  19 iguanas
  3 giant frog skeletons
  3 centaur skeletons
  3 troll simulacra (IceCv)
  2 wolf simulacra (IceCv)
  3 spriggan simulacra (IceCv)
  14 worker ants
  14 orc wizards
  36 sheep
  4 centaur simulacra (IceCv)
  2 big kobold zombies (Ossuary)
  2 hound zombies
  A hound skeleton (D:10)
  4 mummies (Ossuary)
  11 adders
  6 naga simulacra (IceCv)
  58 river rats
  2 shadow imps
  2 ogre simulacra (IceCv)
  29 white imps
  A worker ant simulacrum (D:8)
  6 oozes
  An ufetubus (D:8)
  An adder zombie (D:6)
  10 worms
  An adder simulacrum (D:8)
  15 giant geckos
  147 orcs
  2 ball pythons
  7 giant cockroaches
  7 hobgoblins
  22 jackals
  6 quokkas
  16 bats
  2 giant gecko zombies
  9 giant newts
  2 gnoll zombies (Ossuary)
  9 goblins
  27 kobolds
  12 rats
  A bush (Lair:2)
  12 fungi
  6 plants (Lair:8)
1117 creatures vanquished.

Vanquished Creatures (others)
  A deep elf mage (Elf:1)
  A slave (D:7)
  A phantom (D:7)
  A goblin zombie (Ossuary)
  A kobold zombie (Ossuary)
  An orc zombie (Ossuary)
  A rat zombie (Ossuary)
  29 fungi
  29 plants
65 creatures vanquished.

Grand Total: 1182 creatures vanquished

Notes
Turn   | Place    | Note
--------------------------------------------------------------
     0 | D:1      | faceroll the Demonspawn Wanderer began the quest for the Orb.
     0 | D:1      | faceroll set off with: a +2 short sword, a +0 spear, a potion of curing, a +0 robe, a bread ration
     0 | D:1      | Reached XP level 1. HP: 18/18 MP: 1/1
   293 | D:1      | Gained mutation: You have a pair of small horns on your head. [demonic ancestry]
   293 | D:1      | Reached XP level 2. HP: 14/24 MP: 2/2
   434 | D:1      | Reached skill level 4 in Fighting
   695 | D:1      | Gained mutation: When hurt, damage is shared between your health and your magic reserves. [demonic ancestry]
   695 | D:1      | Reached XP level 3. HP: 25/30 MP: 3/3
   956 | D:2      | Reached skill level 1 in Spellcasting
  1320 | D:2      | Reached XP level 4. HP: 34/37 MP: 6/6
  1401 | D:2      | Noticed Ijyb
  1419 | D:2      | Killed Ijyb
  1717 | D:3      | Found a radiant altar of Vehumet.
  1741 | D:3      | Found a deep blue altar of Sif Muna.
  1741 | D:3      | Found a stormy altar of Qazlal.
  1741 | D:3      | Found a basalt altar of Yredelemnul.
  1745 | D:3      | Became a worshipper of Vehumet
  1889 | D:3      | Found a burning altar of Makhleb.
  1975 | D:3      | Noticed Sigmund
  2363 | D:2      | Gained mutation: You have a pair of horns on your head. [demonic ancestry]
  2363 | D:2      | Reached XP level 5. HP: 13/42 MP: 7/10
  2765 | D:3      | Killed Sigmund
  2765 | D:3      | Reached skill level 5 in Spellcasting
  2765 | D:3      | Reached XP level 6. HP: 19/48 MP: 8/13
  2963 | D:3      | Noticed Crazy Yiuf
  2987 | D:3      | Killed Crazy Yiuf
  3195 | D:4      | Found Junon's Assorted Antiques.
  3302 | D:4      | Reached skill level 6 in Spellcasting
  3302 | D:4      | Gained mutation: You are surrounded by a mild repulsion field (EV +2). [demonic ancestry]
  3302 | D:4      | Reached XP level 7. HP: 31/54 MP: 10/16
  3497 | D:4      | Reached * piety under Vehumet
  3497 | D:4      | Offered knowledge of Flame Tongue by Vehumet.
  3507 | D:4      | Learned a level 1 spell: Flame Tongue
  3635 | D:4      | Found Saroh's Food Shop.
  3878 | D:4      | Reached skill level 1 in Conjurations
  3878 | D:4      | Reached skill level 1 in Fire Magic
  4123 | D:5      | Entered Level 5 of the Dungeon
  4143 | D:5      | Found a sand-covered staircase.
  4154 | Ossuary  | Entered an ossuary
  4758 | D:5      | Gained mutation: You regenerate magic rapidly. [demonic ancestry]
  4758 | D:5      | Reached XP level 8. HP: 60/60 MP: 15/17
  4944 | D:5      | Found a bloodstained altar of Trog.
  5189 | D:5      | Found Kauffiug's Weapon Shop.
  5255 | D:5      | Reached ** piety under Vehumet
  5255 | D:5      | Offered knowledge of Shock by Vehumet.
  5255 | D:5      | Reached skill level 5 in Conjurations
  5853 | D:5      | Reached skill level 5 in Fire Magic
  5992 | D:6      | Noticed Menkaure
  5999 | D:6      | Killed Menkaure
  6019 | D:6      | Found a glowing drain.
  6041 | Sewer    | Entered a sewer
  6154 | Sewer    | Offered knowledge of Dazzling Spray by Vehumet.
  6159 | Sewer    | Learned a level 3 spell: Dazzling Spray
  6397 | Sewer    | Reached *** piety under Vehumet
  6635 | D:6      | Noticed Dowan
  6636 | D:6      | Noticed Duvessa
  6641 | D:6      | Killed Dowan
  6641 | D:6      | Gained mutation: You are surrounded by a moderate repulsion field (EV +3). [demonic ancestry]
  6641 | D:6      | Reached XP level 9. HP: 59/65 MP: 15/18
  6795 | D:6      | Noticed Prince Ribbit
  6800 | D:6      | Noticed Edmund
  6805 | D:6      | Killed Prince Ribbit
  6869 | D:6      | Killed Edmund
  6946 | D:6      | Got a slimy chain mail
  6947 | D:6      | Identified the cursed +0 chain mail of Unreason {rC+ MR- Str-3 Stlth+} (You found it on level 6 of the Dungeon)
  7125 | D:6      | Offered knowledge of Airstrike by Vehumet.
  7448 | D:7      | Found Kaewatel's Antique Weapon Shop.
  7463 | D:7      | Reached skill level 7 in Conjurations
  7611 | D:7      | Found a flagged portal.
  7630 | Bailey   | Entered a bailey
  7636 | Bailey   | Noticed an orc knight
  7799 | Bailey   | Killed an orc knight
  7799 | Bailey   | Reached skill level 8 in Conjurations
  7809 | Bailey   | Reached **** piety under Vehumet
  7816 | Bailey   | Gained mutation: You sometimes gain a little power by taking damage. [demonic ancestry]
  7816 | Bailey   | Reached XP level 10. HP: 72/72 MP: 9/19
  7859 | Bailey   | Noticed an orc knight
  7870 | Bailey   | Killed an orc knight
  7951 | Bailey   | Offered knowledge of Conjure Flame by Vehumet.
  7958 | Bailey   | Reached skill level 9 in Conjurations
  8002 | D:7      | Learned a level 3 spell: Conjure Flame
  8273 | D:7      | Noticed Pikel
  8287 | D:7      | Killed Pikel
  8300 | D:7      | Found a staircase to the Ecumenical Temple.
  8407 | D:7      | Found a shadowy altar of Dithmenos.
  8734 | D:8      | Noticed a death yak
  8749 | D:8      | Reached skill level 10 in Conjurations
  8751 | D:8      | Killed a death yak
  8969 | D:8      | Learned a level 2 spell: Sublimation of Blood
  9770 | D:9      | Gained mutation: When low on magic, you restore magic in place of health. [demonic ancestry]
  9770 | D:9      | Reached XP level 11. HP: 77/77 MP: 13/22
  9802 | D:9      | Noticed an orange crystal statue
  9960 | D:9      | Reached ***** piety under Vehumet
 10188 | D:9      | Offered knowledge of Spellforged Servitor by Vehumet.
 10188 | D:9      | Reached skill level 11 in Conjurations
 10197 | D:9      | Learned a level 7 spell: Spellforged Servitor
 10260 | D:9      | Found a sacrificial altar of Ru.
 10359 | D:9      | Noticed a three-headed hydra
 10365 | D:9      | Killed a three-headed hydra
 10716 | D:10     | Entered Level 10 of the Dungeon
 10789 | D:10     | Found Ofen Aqo's Armour Boutique.
 11575 | D:10     | Found a staircase to the Lair.
 11794 | Lair:1   | Entered Level 1 of the Lair of Beasts
 11832 | Lair:1   | Found a labyrinth entrance.
 11841 | Lab      | Entered a labyrinth
 11998 | Lab      | Noticed a minotaur
 12244 | Lab      | Killed a minotaur
 12244 | Lab      | Reached skill level 12 in Conjurations
 12270 | Lab      | Got a bronze plate armour
 12275 | Lab      | Got a transparent pewter amulet
 12275 | Lab      | Got a twitching pewter ring
 12280 | Lab      | Got a translucent plate armour
 12285 | Lair:1   | Identified the amulet "Vuwn" {Inacc Int+4} (You found it in a labyrinth)
 12291 | Lair:1   | Identified the ring "Eruehush" {AC+5 Dex+5} (You found it in a labyrinth)
 12292 | Lair:1   | Identified the +6 plate armour of Exclusion {*Confuse rC+ Regen+ Dex+3} (You took it off a minotaur in a labyrinth)
 12293 | Lair:1   | Identified the +4 plate armour of Wyemiav {rN+ Dex+2} (You found it in a labyrinth)
 12679 | Lair:1   | Reached skill level 10 in Fire Magic
 12796 | Lair:1   | Reached XP level 12. HP: 76/83 MP: 17/24
 12897 | Lair:1   | Found a deep blue altar of Sif Muna.
 13341 | Lair:2   | Noticed a four-headed hydra
 13347 | Lair:2   | Learned a level 3 spell: Stone Arrow
 13354 | Lair:2   | Killed a four-headed hydra
 13684 | Lair:2   | Gained mutation: You are dopey. (Int -2) [potion of mutation]
 13684 | Lair:2   | Gained mutation: You have a pair of large horns on your head. [potion of mutation]
 13685 | Lair:2   | Gained mutation: You have supernaturally acute eyesight. [potion of mutation]
 13914 | Lair:3   | Found a hole to the Spider Nest.
 14000 | Lair:3   | Reached skill level 13 in Conjurations
 14499 | Lair:3   | Offered knowledge of Poisonous Cloud by Vehumet.
 14518 | Lair:3   | Learned a level 6 spell: Poisonous Cloud
 15185 | Lair:4   | Noticed a four-headed hydra
 15397 | Lair:4   | Found a frozen archway.
 15464 | IceCv    | Entered an ice cave
 15796 | IceCv    | Reached skill level 10 in Spellcasting
 15827 | IceCv    | Reached skill level 14 in Conjurations
 15957 | IceCv    | Got a glittering glass ring
 15958 | IceCv    | Identified the ring of the Philosopher {AC+3 Int+6} (You found it in an ice cave)
 15976 | IceCv    | Found an ancient bone altar of Kikubaaqudgha.
 16249 | IceCv    | Reached XP level 13. HP: 63/88 MP: 7/27
 16255 | IceCv    | Offered knowledge of Lee's Rapid Deconstruction by Vehumet.
 16324 | IceCv    | Identified Amuaxkudy's Handbook of Harmful Snow
 16433 | IceCv    | Learned a level 4 spell: Throw Icicle
 16592 | Lair:4   | Killed a four-headed hydra
 17177 | Lair:4   | Found a staircase to the Swamp.
 18048 | Lair:5   | Identified a scroll of acquirement
 18091 | Lair:5   | Reached skill level 1 in Ice Magic
 18536 | Lair:6   | Reached skill level 1 in Air Magic
 19751 | Lair:6   | Reached skill level 15 in Conjurations
 19838 | Lair:7   | Offered knowledge of Bolt of Magma by Vehumet.
 19841 | Lair:7   | Got a faintly glowing robe
 19852 | Lair:7   | Identified the cursed +1 robe of the Guilds {Int+3} (You found it on level 7 of the Lair of Beasts)
 19883 | Lair:7   | Learned a level 2 spell: Repel Missiles
 20800 | Lair:7   | Reached XP level 14. HP: 43/95 MP: 8/28
 21266 | Lair:7   | Found a viscous altar of Jiyva.
 21266 | Lair:7   | Found a staircase to the Slime Pits.
 21438 | Lair:8   | Entered Level 8 of the Lair of Beasts
 21458 | Lair:8   | Reached ****** piety under Vehumet
 21486 | Lair:7   | Learned a level 6 spell: Freezing Cloud
 21548 | Lair:8   | Offered knowledge of Delayed Fireball by Vehumet.
 21995 | Lair:8   | Learned a level 7 spell: Delayed Fireball
 22116 | Lair:8   | Reached skill level 16 in Conjurations
 23597 | D:11     | Found a staircase to the Orcish Mines.
 23602 | D:11     | Offered knowledge of Poison Arrow by Vehumet.
 23668 | D:11     | Found an opulent altar of Gozag.
 24168 | D:11     | Found Assat's Assorted Antiques.
 24176 | D:11     | Bought a smoky golden potion for 24 gold pieces
 24176 | D:11     | Bought a knobbly runed staff for 324 gold pieces
 24643 | Orc:1    | Entered Level 1 of the Orcish Mines
 24766 | Orc:1    | Found a roughly hewn altar of Beogh.
 24892 | Orc:2    | Noticed Sonja
 24895 | Orc:2    | Killed Sonja
 25029 | Orc:2    | Offered knowledge of Conjure Ball Lightning by Vehumet.
 25476 | Orc:4    | Entered Level 4 of the Orcish Mines
 25574 | Orc:4    | Found a roughly hewn altar of Beogh.
 25672 | Orc:4    | Gained mutation: You are surrounded by a strong repulsion field (EV +4, rMsl). [demonic ancestry]
 25672 | Orc:4    | Reached XP level 15. HP: 100/100 MP: 27/30
 25812 | Orc:4    | Reached skill level 17 in Conjurations
 25814 | Orc:4    | Offered knowledge of Fire Storm by Vehumet.
 25814 | Orc:4    | Offered knowledge of Shatter by Vehumet.
 25814 | Orc:4    | Offered knowledge of Tornado by Vehumet.
 26086 | Orc:4    | Found Neokkap's Gadget Boutique.
 26086 | Orc:4    | Found Utabac's Weapon Emporium.
 26087 | Orc:4    | Found Zeonus's Assorted Antiques.
 26087 | Orc:4    | Found Guad's Antique Armour Shop.
 26360 | Orc:3    | Found a roughly hewn altar of Beogh.
 26426 | Orc:3    | Found a staircase to the Elven Halls.
 26670 | Orc:2    | Noticed Josephine
 26729 | Orc:3    | Learned a level 9 spell: Fire Storm
 26744 | Orc:2    | Killed Josephine
 27282 | Elf:1    | Entered Level 1 of the Elven Halls
 27888 | Elf:1    | Found Axirgh's Book Boutique.
 28324 | Elf:1    | Noticed Aizul
 28336 | Elf:1    | Killed Aizul
 28924 | Elf:2    | Found Xag Doug's Distillery.
 28929 | Elf:2    | Noticed sohrab's ghost (journeyman MiFi)
 28981 | Elf:2    | Killed sohrab's ghost
 28981 | Elf:2    | Reached skill level 18 in Conjurations
 29428 | Elf:2    | Mutation became permanent: You have a pair of large horns on your head. [demonic ancestry]
 29428 | Elf:2    | Reached XP level 16. HP: 106/106 MP: 23/32
 29467 | Elf:2    | Found a runed gate.
 29469 | Elf:2    | Found a runed gate.
 29470 | Elf:2    | Found a runed gate.
 29665 | Elf:2    | Found a radiant altar of Vehumet.
 29802 | Elf:2    | Bought a potion of haste for 170 gold pieces
 29804 | Elf:2    | Bought 2 potions of magic for 272 gold pieces
 29849 | Elf:3    | Entered Level 3 of the Elven Halls
 29849 | Elf:3    | Noticed Roxanne
 29981 | Elf:3    | Noticed Peloso's ghost (adept MiFi)
 30039 | Elf:3    | Killed Peloso's ghost
 31412 | Elf:3    | Noticed Donald
 31423 | Elf:3    | Killed Donald
 31738 | Elf:3    | Reached skill level 19 in Conjurations
 31768 | Elf:3    | Cast into the Abyss (a deep elf sorcerer)
 32383 | Abyss:1  | HP: 5/106 [raiju/living lightning (25)]
 32383 | Abyss:1  | Slain by a thrashing horror

Action                   |  1- 3 |  4- 6 |  7- 9 | 10-12 | 13-15 | 16-18 || total
-------------------------+-------+-------+-------+-------+-------+-------++-------
Melee: Short sword       |   144 |   221 |    62 |       |       |       ||   427
       Whip              |       |       |       |     6 |    31 |     1 ||    38
       Staff             |       |       |       |     3 |     5 |     1 ||     9
 Fire: Blowgun           |       |    13 |     4 |       |       |       ||    17
 Cast: Flame Tongue      |       |       |   367 |   813 |   333 |     8 ||  1521
       Dazzling Spray    |       |       |     4 |    46 |     4 |       ||    54
       Conjure Flame     |       |       |       |    54 |    11 |       ||    65
       Stone Arrow       |       |       |       |   208 |       |       ||   208
       Throw Icicle      |       |       |       |       |   545 |    74 ||   619
       Poisonous Cloud   |       |       |       |       |     3 |       ||     3
       Repel Missiles    |       |       |       |       |     2 |       ||     2
       Freezing Cloud    |       |       |       |       |   114 |    54 ||   168
       Delayed Fireball  |       |       |       |       |     1 |       ||     1
Evoke: Wand              |       |       |    13 |    23 |     5 |     8 ||    49
  Use: Potion            |       |     5 |     7 |     9 |     6 |     1 ||    28
       Scroll            |       |     6 |    11 |    11 |    10 |     4 ||    42
 Stab: Paralysed         |       |       |       |     6 |       |       ||     6
  Eat: Chunk             |     1 |     2 |     5 |     5 |    52 |     6 ||    71
       Bread ration      |       |     1 |     1 |     4 |     5 |     4 ||    15
       Meat ration       |       |       |     1 |     2 |       |       ||     3
       Beef jerky        |       |       |     1 |       |     1 |       ||     2
       Fruit             |       |       |       |       |     4 |       ||     4
